Map: Dreamcatcher LE

Players

öhhh

  • Race: Terran Terran
  • League: Diamond
  • Spawn Location: 11:00

Swatopluke

  • Race: Protoss Protoss
  • League: Platinum
  • Spawn Location: 5:00

VOD

Have the link to the VOD?

Description

Time

  • Played on: Nov. 14, 2018, 8:04 a.m.
  • Length: 6:58
Show
View Real Time Build Order
Export as new Build Order

öhhh Terran 

Build Orders:  

Get SALT Encoding   

  12  0:01  SCV  
  13  0:13  SCV  
  14  0:17  Supply Depot  
  14  0:27  Refinery  
  14  0:28  SCV  
  15  0:40  SCV  
  16  0:46  Barracks  
  16  0:56  SCV  
  17  1:10  SCV  
  18  1:17  Supply Depot  
  18  1:22  SCV  
  19  1:34  SCV  
  19  1:36  Factory  
  20  1:41  Marine  
  20  1:46  SCV  
  22  1:48  Refinery  
  22  1:58  SCV  
  23  2:01  Marine  
  24  2:09  Supply Depot  
  24  2:11  SCV  
  25  2:19  Armory  
  25  2:22  Factory Tech Lab  
  25  2:23  Marine, SCV  
  27  2:35  SCV  
  28  2:41  Marine  
  29  2:44  Siege Tank  
  29  2:47  Orbital Command  
  32  2:58  Marine, Supply Depot  
  32  3:27  Thor  
  38  3:37  SCV  
  38  3:38  Marine  
  39  3:49  SCV  
  35  3:56  Marine  
  31  5:05  Orbital Command  
  28  5:59  SCV  
  29  6:11  SCV  
  30  6:23  SCV  
Show
View Real Time Build Order
Export as new Build Order

Swatopluke Protoss 

Build Orders: Oracle Opening 

Get SALT Encoding   

  12  0:00  Probe  
  13  0:13  Probe  
  14  0:17  Pylon  
  14  0:25  Probe  
  15  0:34  Probe  
  15  0:35  Gateway  
  15  0:42  Probe  
  17  0:50  Assimilator  
  17  0:52  Probe  
  18  1:01  Gateway  
  18  1:07  Probe  
  19  1:19  Probe  
  19  1:22  Cybernetics Core  
  20  1:31  Probe  
  21  1:33  Assimilator  
  21  1:35  Pylon  
  21  1:43  Probe  
  22  1:55  Warp Gate  
  22  1:58  Stalker x2  
  26  2:03  Probe  
  27  2:11  Pylon  
  27  2:15  Probe  
  28  2:28  Stalker  
  28  2:29  Stalker  
  32  2:32  Probe  
  33  2:44  Probe  
  33  2:50  Stargate  
  34  2:56  Probe  
  35  3:26  Nexus  
  35  3:27  Probe  
  35  3:33  Oracle  
  39  4:09  Pylon  
  39  4:10  Pylon  
  39  4:12  Pylon  
  39  4:27  Probe  
  39  4:28  Stalker  
  39  4:29  Stalker  
  46  4:39  Probe  
  44  4:51  Probe  
  45  4:55  Stalker x2  
  45  5:03  Probe  
  39  5:15  Probe  
  39  5:18  Zealot x2  
  39  5:21  Probe  
  34  5:27  Probe  
  30  5:38  Nexus  
  30  5:42  Pylon  
  28  5:44  Probe  
  28  5:45  Probe, Pylon  
  21  6:06  Gateway  
  21  6:09  Gateway x2  
Tags
 
Add a new tag
Caveats
  • Supply blocks, unpowered buildings, or Contaminate may cause inaccurate times.
  • Supply counts are checked every 10 seconds.